 Dungeon Crawl Stone Soup version 0.23-a0-321-g6bcb69f (webtiles) character file.

239826 Garbasso the Warrior (level 19, -31/219 HPs)
             Began as an Ogre Summoner on Oct 15, 2018.
             Was the Champion of Ashenzari.
             Killed from afar by a deep elf death mage (50 damage)
             ... with a bolt of negative energy
             ... on level 3 of the Elven Halls.
             The game lasted 04:03:41 (40054 turns).

Garbasso the Warrior (Ogre Summoner)               Turns: 40054, Time: 04:03:42

Health: -31/219    AC: 16    Str: 17    XL:     19   Next: 76%
Magic:  10/44      EV: 14    Int: 21    God:    Ashenzari [******]
Gold:   1464       SH: 15    Dex: 10    Spells: 6/42 levels left

rFire    . . .     SeeInvis +   b - +1 trident (flame)
rCold    . . .     Gourm    .   M - +5 shield {AC+3} (curse)
rNeg     . . .     Faith    .   P - +4 troll leather armour (curse)
rPois    +         Spirit   .   Q - +2 hat {MR+} (curse)
rElec    .         Reflect  .   r - +1 cloak {rPois} (curse)
rCorr    .         Harm     .   (gloves unavailable)
MR       +++..     Clarity  +   (boots unavailable)
Stlth    +.........             B - amulet of magic regeneration (curse)
HPRegen  0.86/turn              H - ring of magical power (curse)
MPRegen  0.54/turn              d - ring of protection from magic

@: lethally poisoned (-31 -> -31), about to teleport, studying Ice Magic,
heavily drained
A: large, unfitting armour, tough skin 1
}: 1/15 runes: serpentine
a: Curse Item, Scrying, Transfer Knowledge, Renounce Religion


You were on level 3 of the Elven Halls.
You worshipped Ashenzari.
Ashenzari was exalted by your worship.
You were hungry.

You visited 6 branches of the dungeon, and saw 31 of its levels.
You visited 1 bazaar.
You also visited: Ice Cave and Volcano.

You collected 3045 gold pieces.
You spent 1581 gold pieces at shops.

Inventory:

Hand Weapons
 a - the +3 war axe of the Undead {speed, rPois Dex+4}
   (You found it on level 4 of the Dungeon)

   Attacks with this weapon are significantly faster.
   It affects your dexterity (+4).
   It protects you from poison.
 b - a +1 trident of flaming (weapon)
Missiles
 h - 3 throwing nets {=f}
 u - 26 large rocks (quivered)
Armour
 r - a cursed +1 cloak of poison resistance (worn)
 x - a scarf of resistance
 M - a cursed +5 shield of protection (worn)
 P - a cursed +4 troll leather armour (worn)
 Q - a cursed +2 hat of magic resistance (worn)
Jewellery
 d - a ring of protection from magic (right hand)
 l - the ring "Earthly Heaven" {*Corrode rElec Int+4 SInv}
   (You bought it in a shop on level 4 of the Snake Pit)

   [ring of see invisible]

   It affects your intelligence (+4).
   It insulates you from electricity.
   It lets you see invisible.
   It may corrode you when you take damage.
 B - a cursed amulet of magic regeneration (around neck)
 H - a cursed ring of magical power (left hand)
 U - an uncursed ring of wizardry
 Y - a +5 ring of evasion
 Z - the ring of Ephy {rCorr rF++ rC+ rN+ Int+2}
   (You found it on level 6 of the Lair of Beasts)

   [ring of resist corrosion]

   It affects your intelligence (+2).
   It greatly protects you from fire.
   It protects you from cold.
   It protects you from negative energy.
Wands
 w - a wand of acid (7)
 z - a wand of iceblast (55)
 R - a wand of digging (27)
Scrolls
 f - 3 scrolls of magic mapping
 k - a scroll of blinking
 o - a scroll of amnesia
 p - 3 scrolls of immolation
 D - 14 scrolls of teleportation
 E - 3 scrolls of fear
 F - 5 scrolls of enchant weapon
 I - 3 scrolls of enchant armour
 L - 13 scrolls of identify
 O - 2 scrolls of brand weapon
 T - 5 scrolls of remove curse
Potions
 e - 2 potions of berserk rage
 g - 4 potions of mutation
 i - 6 potions of heal wounds
 m - 6 potions of haste
 n - 2 potions of invisibility
 q - 2 potions of resistance
 s - 5 potions of might
 v - 2 potions of agility
 A - 12 potions of curing
 C - 7 potions of brilliance
 G - 5 potions of magic
 K - 5 potions of ambrosia
 S - 2 potions of cancellation
 W - 5 potions of lignification
 X - a potion of flight
Books
 t - a manual of Ice Magic
Miscellaneous
 j - a lightning rod (4/4)
 J - a fan of gales
 N - a phantom mirror
Comestibles
 c - 17 rations
 V - 4 chunks of flesh


   Skills:
 + Level 20.2(16.7) Fighting
 - Level 5.0(2.5) Armour
 + Level 10.9(12.0) Dodging
 - Level 1.4(1.9) Stealth
 - Level 7.0(7.3) Shields
 + Level 12.4(9.5) Spellcasting
 - Level 6.9(7.2) Conjurations
 - Level 14.5(13.8) Summonings
 + Level 15.0(14.3) Ice Magic
 - Level 6.0(6.4) Air Magic


You had 6 spell levels left.
You knew the following spells:

 Your Spells              Type           Power        Failure   Level  Hunger
a - Freezing Cloud        Conj/Ice/Air   #####.....   36%         6    ######.
b - Throw Icicle          Conj/Ice       ######..     1%          4    ##.....
c - Regeneration          Chrm/Necr      #.........   34%         3    None
d - Summon Ice Beast      Ice/Summ       ######..     1%          4    ##.....
e - Summon Lightning Spi  Summ/Air       ######..     1%          4    ##.....
f - Ozocubu's Armour      Chrm/Ice       #####...     1%          3    None
g - Blink                 Tloc           N/A          19%         2    None
h - Ozocubu's Refrigerat  Ice            ######....   4%          6    ######.
i - Apportation           Tloc           #.....       12%         1    None
j - Call Canine Familiar  Summ           ######..     1%          3    None

Your spell library contained the following spells:

 Spells                   Type           Power        Failure   Level  Hunger
 Freeze                   Ice            ####         1%          1    None
 Magic Dart               Conj           ####         1%          1    None
 Summon Butterflies       Summ           ######..     1%          1    None
 Summon Small Mammal      Summ           ####         1%          1    None
 Call Imp                 Summ           ######..     1%          2    None
 Ensorcelled Hibernation  Hex/Ice        #####.       1%          2    None
 Searing Ray              Conj           #####.       1%          2    None
 Throw Frost              Conj/Ice       ######       1%          2    None
 Summon Guardian Golem    Hex/Summ       #####...     1%          3    None
 Poisonous Vapours        Pois/Air       ###...       4%          2    None
 Mephitic Cloud           Conj/Pois/Air  ####....     5%          3    None
 Ice Form                 Ice/Tmut       #####...     6%          4    ##.....
 Iskenderun's Mystic Bla  Conj           #####...     6%          4    ##.....
 Conjure Flame            Conj/Fire      ####....     9%          3    None
 Dazzling Spray           Conj/Hex       ####..       9%          3    None
 Stone Arrow              Conj/Erth      ####..       9%          3    None
 Beastly Appendage        Tmut           #.....       12%         1    None
 Infusion                 Chrm           #...         12%         1    None
 Sandblast                Erth           #.....       12%         1    None
 Passwall                 Tmut/Erth      #.......     19%         2    None
 Shroud of Golubria       Chrm/Tloc      #.........   19%         2    None
 Slow                     Hex            #.......     19%         2    None
 Song of Slaying          Chrm           #.......     19%         2    None
 Sticks to Snakes         Tmut           #.......     19%         2    None
 Force Lance              Conj/Tloc      ####....     26%         4    ##.....
 Fulminant Prism          Conj/Hex       ####......   26%         4    ##.....
 Sticky Flame             Conj/Fire      ####....     26%         4    ##.....
 Lesser Beckoning         Tloc           #.........   34%         3    None
 Spectral Weapon          Hex/Chrm       #.......     34%         3    None
 Spider Form              Tmut/Pois      #.........   34%         3    None
 Tukima's Dance           Hex            #.......     34%         3    None
 Irradiate                Conj/Tmut      ####......   58%         5    #####..
 Leda's Liquefaction      Hex/Erth       #.........   75%         4    ##.....
 Petrify                  Tmut/Erth      #.......     75%         4    ##.....
 Bolt of Magma            Conj/Fire/Erth ###.......   77%         5    #####..
 Alistair's Intoxication  Tmut/Pois      #.......     97%         5    #####..
 Blade Hands              Tmut           #.........   97%         5    #####..
 Lee's Rapid Deconstruct  Erth           #.........   97%         5    #####..
 Iron Shot                Conj/Erth      ####......   99%         6    ######.
 Hydra Form               Tmut           #.........   100%        6    ######.
 Invisibility             Hex            #.......     100%        6    ######.
 Statue Form              Tmut/Erth      #........    100%        6    ######.
 Orb of Destruction       Conj           #####.....   99%         7    #######
 Dragon Form              Tmut           #.........   100%        7    #######
 Ring of Flames           Chrm/Fire      #.........   100%        7    #######
 Shatter                  Erth           #.........   100%        9    #######


Dungeon Overview and Level Annotations

Branches:
Dungeon (15/15)            Temple (1/1) D:5            Lair (6/6) D:11
 Shoals (0/4) Lair:4        Snake (4/4) Lair:3        Slime (0/5) Lair:5
    Orc (2/2) D:11            Elf (3/3) Orc:2        Vaults (0/5) D:14
 Depths (0/5) D:15

Altars:
Ashenzari
Cheibriados
Dithmenos
Elyvilon
Fedhas
Gozag
Kikubaaqudgha
Makhleb
Nemelex Xobeh
Qazlal
Ru
Sif Muna
Trog
Uskayaw
Vehumet
Yredelemnul
Zin
The Shining One
Jiyva

Shops:
D:10 [   Orc:2 **}(   Elf:1 =}=   Elf:3 [   Snake:4 =**(?

Annotations:
D:10 1 runed door, Lorakuhu's ghost, novice TrMo
Lair:1 3 runed doors, Bywa Foss's ghost, journeyman MiFi
Snake:4 2 exclusions
Elf:2 3 runed doors


Innate Abilities, Weirdness & Mutations

You are too large for most types of armour.
You have tough skin. (AC +1)


Message History

The deep elf annihilator blinks!
The deep elf death mage barely misses your ice beast.
The deep elf annihilator hits you but does no damage.
You feel much better.
Your ice beast barely misses the deep elf death mage.
The deep elf death mage is infused with unholy energy.
The deep elf death mage draws life force from your ice beast!
Your ice beast is severely wounded.
The deep elf annihilator hits you with a glowing dagger.
* * * LOW HITPOINT WARNING * * *
Your ice beast disappears in a puff of smoke!
The deep elf annihilator barely misses you.
The deep elf death mage points at you and mumbles some strange words.
The bolt of negative energy hits you!
You feel drained.
* * * LOW HITPOINT WARNING * * *
Unknown command.
You feel sick.
The deep elf death mage gestures at you while chanting.
The bolt of negative energy hits you!
You feel drained.
You die...

.....)..### .)))).....##
##..)#.....# #..###....##
,#...###....#####################
,#.....#....##...................
##...###...##...................
,#.....#x...#...................
,,#....###...#..@################
, ##....#.#.e#§e.#,, , .........
,,#.....#...#§e.# ,,,,,.........
, , #......Y.#...#, ,......... ,
,###.....)#x..# ,##########'# ,
,####.){)..e# ,#........... ,, ,
,, #####...#,, #........... ,**
'∆ ,#...#...#........... * * ,*
∆#...'...#...........


You could see a deep elf annihilator, 2 deep elf death magi and a crawling
corpse.

Vanquished Creatures
  Nikola (Snake:1)
  A deep elf master archer (Elf:3)
  A deep elf blademaster (Elf:3)
  Roxanne (Elf:1)
  9 nagarajas
  A deep elf elementalist (Elf:3)
  A large abomination (Elf:2)
  2 deep elf demonologists
  2 deep elf annihilators (Elf:3)
  A deep elf death mage (Elf:3)
  4 deep elf high priests
  11 naga warriors
  A vault guard (D:14)
  A hydra (Lair:6)
  A centaur warrior (D:13)
  5 two-headed ogres
  A death knight (D:13)
  4 naga sharpshooters
  4 dancing weapons
  3 shock serpents (Snake:4)
  6 deep elf knights
  Nergalle (Lair:1)
  3 skeletal warriors (D:15)
  A small abomination (Elf:2)
  2 unseen horrors
  2 naga ritualists
  3 necromancers
  5 deep elf archers
  2 ugly things (D:13)
  20 deep elf magi
  An orc knight (Elf:2)
  A salamander (Snake:2)
  A centaur zombie (D:14)
  2 orc sorcerers
  3 cyclopes
  2 merfolk sirens (Lair:4)
  5 elephants
  3 black mambas
  5 guardian serpents (Snake:4)
  10 naga magi
  2 spiny frogs (Lair:5)
  A rime drake (Lair:4)
  2 centaur skeletons (D:14)
  An efreet (D:15)
  A komodo dragon (Lair:5)
  5 freezing wraiths (IceCv)
  3 trolls
  A meliai (D:14)
  2 polar bears (Lair:6)
  A harpy zombie (D:15)
  A blink frog (Lair:5)
  A dream sheep (Lair:6)
  A hippogriff (Lair:6)
  A shadow (D:14)
  2 water elementals
  An air elemental (Elf:2)
  2 wyverns
  A wraith (D:10)
  A basilisk (D:15)
  A fire elemental (Elf:1)
  6 yaks
  5 humans (D:14)
  A hungry ghost (D:13)
  A steam dragon (D:11)
  38 nagas
  6 ice beasts
  7 orc warriors
  A porcupine (Lair:1)
  3 ogres
  An eye of draining (D:15)
  A necrophage (D:10)
  2 sky beasts (D:6)
  4 wolves
  5 centaurs
  2 crocodiles
  An elf zombie (D:10)
  2 big kobolds
  10 bullfrogs
  3 earth elementals
  A wyvern skeleton (D:10)
  A wight (D:12)
  A killer bee (D:12)
  A howler monkey (D:5)
  4 crimson imps
  A bullfrog zombie (D:11)
  A quasit (D:11)
  4 hounds
  3 human zombies (D:10)
  A jelly (D:13)
  5 draconian simulacra (IceCv)
  5 orc priests
  8 orc wizards
  2 bullfrog skeletons
  A human skeleton (D:10)
  An iguana (D:6)
  A troll simulacrum (IceCv)
  6 worker ants
  A spriggan simulacrum (IceCv)
  2 centaur simulacra
  2 hound skeletons
  A mummy (D:10)
  A gnoll (D:1)
  8 adders
  A naga simulacrum (IceCv)
  4 ogre simulacra (IceCv)
  2 river rats (Lair:1)
  3 shadow imps
  4 white imps (IceCv)
  An ooze (D:3)
  An adder skeleton (D:4)
  A dart slug (D:2)
  5 leopard geckos
  30 orcs
  3 giant cockroaches
  5 goblins
  9 hobgoblins
  3 jackals (D:7)
  6 quokkas
  2 ball pythons
  4 bats
  7 frilled lizards
  A jackal skeleton (D:4)
  10 kobolds
  An orc zombie (D:10)
  7 rats
  2 crawling corpses
  2 fungi
439 creatures vanquished.

Vanquished Creatures (collateral kills)
  Asterion (Snake:1)
  Rupert (Lair:6)
  Gastronok (Lair:1)
  6 nagarajas
  3 deep elf sorcerers
  Louise (Elf:1)
  A deep elf elementalist (Elf:3)
  2 deep elf annihilators (Elf:3)
  A dire elephant (Lair:4)
  2 deep elf death magi (Elf:3)
  Josephine (Lair:5)
  2 deep elf high priests (Elf:3)
  14 naga warriors
  3 vault guards (D:14)
  3 hydras
  3 catoblepae
  A centaur warrior (D:14)
  Erica (Lair:1)
  8 two-headed ogres
  5 anacondas
  2 ogre magi (Orc:2)
  3 dancing weapons
  13 death yaks
  A deep troll shaman (Lair:6)
  A small abomination (Elf:2)
  2 shock serpents
  11 naga sharpshooters
  A deep elf knight (Elf:2)
  Sonja (Lair:4)
  5 skeletal warriors
  2 deep trolls (Orc:2)
  4 naga ritualists (Snake:4)
  A deep elf archer (Elf:2)
  A necromancer (D:14)
  4 wizards
  An orc knight (Orc:2)
  8 mana vipers
  5 salamanders
  4 cyclopes
  3 ugly things (D:13)
  14 deep elf magi
  A manticore (D:15)
  An orc sorcerer (Orc:2)
  3 centaur zombies
  30 elephants
  A merfolk siren (Lair:4)
  3 guardian serpents
  9 naga magi
  14 black mambas
  Maurice (Orc:2)
  An ice statue (IceCv)
  A gargoyle (D:12)
  2 centaur skeletons
  A rime drake (Lair:3)
  7 spiny frogs
  4 komodo dragons
  A yaktaur (D:14)
  3 kobold demonologists
  5 freezing wraiths (IceCv)
  10 trolls
  A merfolk (Lair:4)
  A polar bear (Lair:6)
  2 meliai (D:14)
  2 hornets (D:10)
  A wolf spider simulacrum (IceCv)
  23 blink frogs
  10 hippogriffs
  13 dream sheep
  An air elemental (Elf:1)
  4 wraiths (Lair:5)
  43 yaks
  4 wyverns
  Grum (D:11)
  A steam dragon (Lair:1)
  2 basilisks
  10 humans
  2 hungry ghosts
  A death yak simulacrum (IceCv)
  33 nagas
  A soldier ant (D:15)
  2 wargs
  7 porcupines
  14 water moccasins
  3 sky beasts
  18 orc warriors
  4 ice beasts
  A black bear (shapeshifter) (D:14)
  2 phantoms
  3 black bears
  2 necrophages
  3 centaurs
  23 ogres
  19 wolves
  An eye of draining (D:14)
  7 crocodiles
  4 big kobolds
  An earth elemental (Elf:3)
  8 bullfrogs
  5 scorpions
  2 killer bees (D:12)
  A swamp dragon simulacrum (IceCv)
  2 wights (D:12)
  3 howler monkeys
  6 crimson imps
  A bullfrog zombie (D:9)
  A draconian simulacrum (IceCv)
  A quasit (D:8)
  2 human zombies (D:10)
  5 hounds
  8 orc priests
  Crazy Yiuf (D:2)
  7 orc wizards
  Jessica (D:3)
  A human skeleton (D:10)
  2 iguanas
  2 hell rats (Lair:1)
  2 troll simulacra (IceCv)
  7 worker ants
  A polar bear simulacrum (IceCv)
  A spriggan simulacrum (IceCv)
  A hound zombie (D:3)
  3 gnolls (D:8)
  8 adders
  A naga simulacrum (IceCv)
  2 ogre simulacra (IceCv)
  8 river rats (Lair:1)
  2 shadow imps
  8 white imps (IceCv)
  2 worms
  2 adder skeletons
  A leopard gecko (D:5)
  58 orcs
  A giant cockroach (D:3)
  2 hobgoblins
  A jackal (D:7)
  3 quokkas
  A frilled lizard (D:3)
  2 goblins
  13 kobolds
  A rat (D:3)
  5 fungi
  2 plants
712 creatures vanquished.

Vanquished Creatures (others)
  An anaconda (Snake:1)
  A deep elf knight (Elf:2)
  A salamander mystic (Snake:2)
  A black mamba (Snake:1)
  A dart slug (D:4)
  A bush (Lair:4)
  23 fungi
  16 plants
  2 withered plants (D:10)
47 creatures vanquished.

Grand Total: 1198 creatures vanquished

Notes
Turn   | Place    | Note
-------+----------+-------------------------------------------
     0 | D:1      | Garbasso the Ogre Summoner began the quest for the Orb.
     0 | D:1      | Reached XP level 1. HP: 16/16 MP: 3/3
    88 | D:1      | You fall through a shaft!
   126 | D:2      | Reached skill level 1 in Fighting
   126 | D:2      | Reached XP level 2. HP: 14/27 MP: 0/5
   312 | D:2      | Learned a level 2 spell: Call Imp
   945 | D:1      | Reached XP level 3. HP: 32/33 MP: 7/7
  1805 | D:2      | Found a runed door.
  1904 | D:2      | Found a bloodstained altar of Trog.
  2073 | D:2      | Learned a level 3 spell: Call Canine Familiar
  2116 | D:2      | Reached skill level 2 in Fighting
  2252 | D:2      | Noticed Crazy Yiuf
  2261 | D:2      | Killed Crazy Yiuf
  2261 | D:2      | Reached XP level 4. HP: 22/42 MP: 1/8
  2662 | D:3      | Reached XP level 5. HP: 47/52 MP: 6/10
  2672 | D:3      | Learned a level 4 spell: Summon Ice Beast
  2705 | D:3      | Reached skill level 3 in Fighting
  2737 | D:3      | Reached skill level 5 in Summonings
  3126 | D:3      | Reached XP level 6. HP: 35/61 MP: 10/12
  3640 | D:3      | Noticed Jessica
  3655 | D:3      | Killed Jessica
  3827 | D:3      | Found a burning altar of Makhleb.
  4060 | D:4      | Reached skill level 1 in Ice Magic
  4155 | D:4      | Got a jewelled war axe
  4156 | D:4      | Identified the +3 war axe of the Undead {speed, rPois
                  | Dex+4} (You found it on level 4 of the Dungeon)
  4336 | D:4      | Found a snail-covered altar of Cheibriados.
  4433 | D:4      | Found a white marble altar of Elyvilon.
  4573 | D:4      | Found a glowing silver altar of Zin.
  4606 | D:4      | Became a worshipper of Elyvilon the Healer
  4613 | D:5      | Entered Level 5 of the Dungeon
  4623 | D:5      | Reached skill level 4 in Fighting
  4704 | D:5      | Found a sacrificial altar of Ru.
  4739 | D:5      | Noticed an ice beast
  4764 | D:5      | Killed an ice beast
  4764 | D:5      | Reached XP level 7. HP: 29/70 MP: 8/13
  4965 | D:5      | Learned a level 4 spell: Summon Lightning Spire
  4993 | D:5      | Found a staircase to the Ecumenical Temple.
  5006 | Temple   | Entered the Ecumenical Temple
  5028 | Temple   | Fell from the grace of Elyvilon
  5028 | Temple   | Became a worshipper of Ashenzari the Shackled
  5957 | D:5      | Found a stormy altar of Qazlal.
  5957 | D:5      | Found an ancient bone altar of Kikubaaqudgha.
  6412 | D:6      | Reached skill level 5 in Fighting
  6599 | D:6      | Reached skill level 5 in Spellcasting
  6599 | D:6      | Reached XP level 8. HP: 55/80 MP: 5/15
  7008 | D:6      | Found a shadowy altar of Dithmenos.
  7232 | D:6      | Found a radiant altar of Vehumet.
  8067 | D:7      | Reached * piety under Ashenzari
  8084 | D:7      | Reached skill level 6 in Fighting
  8333 | D:7      | Found a blossoming altar of Fedhas.
  8472 | D:7      | Found a deep blue altar of Sif Muna.
  8646 | D:7      | Reached XP level 9. HP: 88/92 MP: 13/18
  9220 | D:8      | Reached skill level 7 in Fighting
  9268 | D:8      | Noticed a troll
  9279 | D:8      | Killed a troll
  9838 | D:8      | Reached skill level 1 in Air Magic
 11030 | D:9      | Reached ** piety under Ashenzari
 11045 | D:9      | Found a sparkling altar of Nemelex Xobeh.
 11261 | D:9      | Reached skill level 8 in Fighting
 11289 | D:9      | HP: 3/96 [yak (14)]
 11291 | D:9      | Reached XP level 10. HP: 4/105 MP: 4/21
 11833 | D:10     | Entered Level 10 of the Dungeon
 11838 | D:10     | Found a basalt altar of Yredelemnul.
 12104 | D:10     | Found a runed door.
 12113 | D:10     | Noticed Lorakuhu's ghost (novice TrMo)
 12796 | D:10     | Reached skill level 9 in Fighting
 12801 | D:10     | Found a basalt altar of Yredelemnul.
 13055 | D:10     | Found Yptio's Antique Armour Shoppe.
 13164 | D:10     | Bought a tattered robe for 96 gold pieces
 13164 | D:10     | Identified the +0 robe "Hoviac Dige" {*Slow rC++} (You
                  | bought it in a shop on level 10 of the Dungeon)
 13164 | D:10     | Bought a glowing shield for 127 gold pieces
 13570 | D:11     | Reached skill level 1 in Shields
 13570 | D:11     | Reached skill level 10 in Summonings
 13629 | D:11     | Noticed a deep elf mage
 13631 | D:11     | Killed a deep elf mage
 13662 | D:11     | Found a staircase to the Orcish Mines.
 13978 | D:11     | Noticed a kobold demonologist
 13978 | D:11     | Noticed a kobold demonologist
 13990 | D:11     | Killed a kobold demonologist
 14000 | D:11     | Killed a kobold demonologist
 14356 | D:11     | Noticed Grum
 14371 | D:11     | Killed Grum
 14371 | D:11     | Reached skill level 10 in Fighting
 14564 | D:11     | Reached XP level 11. HP: 114/117 MP: 23/23
 14601 | D:11     | Noticed a death yak
 14601 | D:11     | Noticed a death yak
 14609 | D:11     | Noticed a death yak
 14644 | D:11     | Killed a death yak
 14646 | D:11     | Killed a death yak
 14652 | D:11     | Killed a death yak
 14738 | D:11     | Reached skill level 5 in Shields
 15169 | D:11     | Found a staircase to the Lair.
 15287 | Lair:1   | Entered Level 1 of the Lair of Beasts
 15402 | Lair:1   | Noticed Gastronok
 15411 | Lair:1   | Found a runed gate.
 15412 | Lair:1   | Found a runed gate.
 15416 | Lair:1   | Killed Gastronok
 15441 | Lair:1   | Found a runed gate.
 15471 | Lair:1   | Reached skill level 11 in Fighting
 15608 | Lair:1   | Reached *** piety under Ashenzari
 15694 | Lair:1   | Noticed Nergalle
 15737 | Lair:1   | Killed Nergalle
 15897 | Lair:1   | Noticed Bywa Foss's ghost (journeyman MiFi)
 15899 | Lair:1   | Identified the ring of Wuutap {Fire Dex+6}
 15940 | Lair:1   | Noticed Erica
 15949 | Lair:1   | Killed Erica
 16567 | Lair:2   | Noticed a five-headed hydra
 16578 | Lair:2   | Killed a five-headed hydra
 16649 | Lair:2   | Reached XP level 12. HP: 131/131 MP: 2/24
 16896 | Lair:2   | Reached **** piety under Ashenzari
 17292 | Lair:2   | Reached skill level 12 in Fighting
 17483 | Lair:3   | Found a hide-covered altar of Uskayaw.
 17497 | Lair:3   | Found a dark tunnel.
 17507 | Volcano  | Entered a volcano
 17507 | Volcano  | Noticed a two-headed ogre
 17511 | Volcano  | Noticed a two-headed ogre
 17514 | Volcano  | Noticed a two-headed ogre
 17516 | Volcano  | Noticed a two-headed ogre
 17520 | Volcano  | Noticed a two-headed ogre
 17520 | Volcano  | Noticed a two-headed ogre
 17522 | Volcano  | Killed a two-headed ogre
 17532 | Volcano  | Identified Sif Muna's Grimoire of the Torrid Snowflakes
 17564 | Lair:3   | Learned a level 3 spell: Ozocubu's Armour
 17581 | Lair:3   | Killed a two-headed ogre
 17979 | Lair:3   | Found a staircase to the Snake Pit.
 17980 | Lair:3   | Noticed a four-headed hydra
 17985 | Lair:3   | Killed a four-headed hydra
 18355 | Lair:4   | Noticed Sonja
 18376 | Lair:4   | Reached skill level 5 in Dodging
 18382 | Lair:4   | Killed Sonja
 18396 | Lair:4   | Noticed a dire elephant
 18403 | Lair:4   | Reached skill level 13 in Fighting
 18416 | Lair:4   | Killed a dire elephant
 18745 | Lair:4   | Reached XP level 13. HP: 144/144 MP: 23/25
 18897 | Lair:4   | Reached ***** piety under Ashenzari
 18997 | Lair:4   | Reached skill level 1 in Armour
 19045 | Lair:4   | Found a staircase to the Shoals.
 19238 | Lair:4   | Reached skill level 14 in Fighting
 19537 | Lair:5   | Found a staircase to the Slime Pits.
 19537 | Lair:5   | Found a viscous altar of Jiyva.
 19591 | Lair:5   | Noticed Josephine
 19599 | Lair:5   | Killed Josephine
 20441 | Lair:6   | Entered Level 6 of the Lair of Beasts
 21008 | Lair:6   | Reached skill level 15 in Fighting
 21435 | Lair:6   | Reached skill level 5 in Armour
 21435 | Lair:6   | Reached XP level 14. HP: 159/159 MP: 5/26
 21619 | Lair:6   | Noticed Rupert
 21642 | Lair:6   | Killed Rupert
 21824 | Lair:6   | Identified the ring of Ephy {rCorr rF++ rC+ rN+ Int+2}
 22263 | Orc:1    | Entered Level 1 of the Orcish Mines
 22495 | Orc:2    | Entered Level 2 of the Orcish Mines
 22516 | Orc:2    | Noticed Maurice
 22524 | Orc:2    | Killed Maurice
 22537 | Orc:2    | Reached skill level 16 in Fighting
 22927 | D:12     | Learned a level 2 spell: Blink
 23858 | D:13     | Reached ****** piety under Ashenzari
 24570 | D:14     | Reached skill level 17 in Fighting
 24596 | D:14     | Identified the +1 robe of Aczaix {rPois rN+++ Str-5 SInv}
 24930 | D:14     | Found a frozen archway.
 24939 | IceCv    | Entered an ice cave
 25533 | IceCv    | Found an ancient bone altar of Kikubaaqudgha.
 26328 | D:14     | Learned a level 6 spell: Freezing Cloud
 26333 | D:14     | Learned a level 4 spell: Throw Icicle
 26735 | D:14     | Reached XP level 15. HP: 153/174 MP: 27/27
 26784 | D:14     | Found a gate to the Vaults.
 27169 | D:15     | Entered Level 15 of the Dungeon
 27230 | D:15     | Reached skill level 5 in Ice Magic
 27331 | D:15     | Found a glowing golden altar of the Shining One.
 27814 | D:15     | Found a staircase to the Depths.
 28406 | Snake:1  | Entered Level 1 of the Snake Pit
 28455 | Snake:1  | Reached skill level 1 in Conjurations
 28547 | Snake:1  | Found a flickering gateway to a bazaar.
 28556 | Bazaar   | Entered a bazaar
 28556 | Bazaar   | Found Opnainis's Distillery.
 28568 | Bazaar   | Found Touc's Antique Weapon Shop.
 28595 | Bazaar   | Found Zakhlokudwy's Antique Armour Shop.
 28616 | Bazaar   | Bought a potion of heal wounds for 50 gold pieces
 28616 | Bazaar   | Bought a potion of brilliance for 40 gold pieces
 28616 | Bazaar   | Bought a potion of curing for 30 gold pieces
 28616 | Bazaar   | Bought a potion of brilliance for 40 gold pieces
 28616 | Bazaar   | Bought a potion of mutation for 80 gold pieces
 28616 | Bazaar   | Bought a potion of magic for 80 gold pieces
 28616 | Bazaar   | Bought a potion of ambrosia for 80 gold pieces
 28723 | Snake:1  | Noticed Asterion
 28733 | Snake:1  | Noticed a balrug
 28736 | Snake:1  | Killed Asterion
 29053 | Snake:1  | Noticed Nikola
 29081 | Snake:1  | Killed Nikola
 29081 | Snake:1  | Reached skill level 18 in Fighting
 29799 | Snake:1  | Learned a level 6 spell: Ozocubu's Refrigeration
 29951 | Snake:2  | Noticed a nagaraja
 29960 | Snake:2  | Killed a nagaraja
 30864 | Snake:2  | Reached XP level 16. HP: 185/185 MP: 29/29
 30865 | Snake:2  | Reached XP level 17. HP: 195/195 MP: 30/30
 31824 | Snake:3  | Reached XP level 18. HP: 200/205 MP: 28/31
 31882 | Snake:3  | Learned a level 1 spell: Apportation
 31935 | Snake:3  | Reached skill level 10 in Ice Magic
 32530 | Snake:4  | Entered Level 4 of the Snake Pit
 32706 | Snake:4  | Found Maneteb's General Store.
 32706 | Snake:4  | Found Muckael's Assorted Antiques.
 32724 | Snake:4  | Bought a ration for 55 gold pieces
 32724 | Snake:4  | Bought a ration for 55 gold pieces
 32792 | Snake:4  | Bought a scorched lead ring for 140 gold pieces
 32792 | Snake:4  | Identified the ring "Earthly Heaven" {*Corrode rElec Int+4
                  | SInv} (You bought it in a shop on level 4 of the Snake Pit)
 32794 | Snake:4  | Found Heogueprih's Jewellery Shop.
 33202 | Snake:4  | Found Fiwysas's Antique Weapon Shop.
 33299 | Snake:4  | Found Suruhain's Magic Scroll Shop.
 33306 | Snake:4  | Bought a scroll of teleportation for 54 gold pieces
 33306 | Snake:4  | Bought a scroll of teleportation for 54 gold pieces
 33306 | Snake:4  | Bought a scroll of fear for 63 gold pieces
 33306 | Snake:4  | Bought a scroll of enchant armour for 135 gold pieces
 34003 | Snake:4  | Reached skill level 10 in Spellcasting
 34473 | Snake:4  | Identified the cursed -8 shield of the Old World {Int+4}
 34682 | Snake:4  | Reached skill level 19 in Fighting
 35470 | Snake:4  | Got a serpentine rune of Zot
 35844 | Orc:2    | Found Ushaoneth's Antique Weapon Shoppe.
 35853 | Orc:2    | Found Sefi Losh's Gadget Boutique.
 35897 | Orc:2    | Found Ikathuaz's Assorted Antiques.
 35898 | Orc:2    | Found Cousigoe's General Store.
 35930 | Orc:2    | Bought a potion of curing for 81 gold pieces
 35930 | Orc:2    | Bought a scroll of teleportation for 81 gold pieces
 35930 | Orc:2    | Bought a green potion for 24 gold pieces
 35930 | Orc:2    | Bought a wand of digging (14) for 216 gold pieces
 36091 | Orc:2    | Found a staircase to the Elven Halls.
 36715 | Elf:1    | Entered Level 1 of the Elven Halls
 36850 | Elf:1    | Noticed Louise
 36870 | Elf:1    | Reached XP level 19. HP: 169/217 MP: 18/34
 36886 | Elf:1    | Killed Louise
 36992 | Elf:1    | Noticed Roxanne
 37078 | Elf:1    | HP: 10/217 [glaive of protection (17)]
 37302 | Elf:1    | Killed Roxanne
 37524 | Elf:1    | Reached skill level 10 in Dodging
 37551 | Elf:1    | Identified Iraosh's Disquisition on Battle Magic
 37775 | Elf:1    | Found Jenuem's Jewellery Shoppe.
 37777 | Elf:1    | Found Faycoank's Gadget Boutique.
 37778 | Elf:1    | Found Ozynohad's Jewellery Shoppe.
 37837 | Elf:2    | Learned a level 3 spell: Regeneration
 38526 | Elf:2    | Found a runed gate.
 38526 | Elf:2    | Found a runed gate.
 38526 | Elf:2    | Found a runed gate.
 39145 | Elf:3    | Entered Level 3 of the Elven Halls
 39195 | Elf:3    | Found Hirutopt's Antique Armour Boutique.
 39384 | Elf:3    | Identified the amulet of Xesirado {RegenMP rPois Str+3
                  | Dex+3}
 39384 | Elf:3    | Identified the amulet of Oqasyl {RegenMP *Drain rC++ MR+}
 39385 | Elf:3    | Identified the +1 robe "Pomo" {SInv}
 39682 | Elf:3    | Reached skill level 20 in Fighting
 40001 | Elf:3    | Identified the amulet "Imeamitz" {+Rage SInv}
 40002 | Elf:3    | Reached skill level 15 in Ice Magic
 40054 | Elf:3    | Killed from afar by a deep elf death mage

Vault maps used:
D:1:      lordsloth_arrival_two_stooges
D:2:      bloody_trog, uniq_crazy_yiuf_cottage
D:3:      makhleb_blood_cavern_becter, uniq_jessica
D:4:      lemuel_coloured_pillars_altar, kennysheep_mini, elyvilon_altar_4,
          serial_co_window_serial, co_window_paths_a, co_window_corner_a,
          co_window_paths_a, co_window_of_opportunity_a,
          co_window_of_opportunity_a, co_window_of_opportunity_a,
          co_window_of_opportunity_a, co_window_2corner, co_window_2corner,
          co_window_paths_c, co_window_paths_c, co_window_4corner_a,
          glass_columns_a
D:5:      gammafunk_temple_overflow_statue, minmay_temple_entry_crystal_x,
          serial_co_window_serial, co_window_paths_b,
          co_window_of_opportunity_a, co_window_corner_a,
          co_window_of_opportunity_a, co_window_paths_a,
          co_window_of_opportunity_b, co_window_broadway_a,
          co_window_broadway_a, co_window_of_opportunity_b, co_window_cross_3,
          co_window_corner_b, co_window_4corner_a, glass_columns_b,
          glass_columns_b, glass_columns_c, glass_columns_c, glass_columns_a,
          first_ration, nicolae_ru_awakened_eye
D:6:      kennysheep_mini_moat, nicolae_overflow_crystal_walls,
          minmay_misc_feat_iff
D:7:      lemuel_doored_altar, fedhas_altar_4
D:9:      basic_altar
D:10:     serial_shops, nicolae_shop_crystal, gammafunk_ghost_grave,
          basic_altar, grunt_pizzeria, lemuel_mausoleum_altar_yredelemnul
D:11:     dpeg_lair_monsters, orc_david_3, uniq_grum
D:12:     minivault_12
D:13:     serial_column_ruins, column_ruins_square_small, column_ruins_grid_1,
          column_ruins_grid_4, column_ruins_open_medium,
          column_ruins_corridor_dead_end, nicolae_wwwww
D:14:     grunt_vaults_entry_tiered, portal_ice_cave_entry_pillars_2
D:15:     grunt_enter_depths_magical_seal, tso_metal_star
Temple:   bh_familiar_temple
Lair:1:   serial_rivers, chequers_serial_rivers_micro_a,
          chequers_serial_rivers_small_a, chequers_serial_rivers_marsh,
          chequers_serial_rivers_micro_d, gammafunk_ghost_icy,
          kennysheep_rathole, infiniplex_staircase_pool, uniq_erica,
          uniq_nergalle, uniq_gastronok
Lair:2:   chequers_serial_rivers_small_b, ldierk_geyser
Lair:3:   minmay_snake_entry_guardpost_small, nicolae_volcano_entry_two_sided,
          basic_altar
Lair:4:   beast_lair_carwin_large_3, elwin_shoals_entry_stream, st_stairs_13,
          uniq_sonja
Lair:5:   slime_altar_1, chequers_serial_rivers_micro_e, uniq_josephine
Lair:6:   grunt_lair_end_beastmaster, uniq_rupert
Snake:1:  serial_shops, bzr_firewalk, st_stairs_7, statue_in_the_mist_lemuel,
          uniq_asterion, uniq_nikola
Snake:4:  grunt_snake_rune_spirals, serial_shops, shop, shop, shop, shop,
          shop_fountains
Orc:1:    sword_in_stone
Orc:2:    st_orc_open, uniq_maurice
Elf:1:    minmay_elf_annihilation, minmay_shop_grove, uniq_roxanne, uniq_louise
Elf:2:    serial_sigils, serial_sigils_hangedman_gut,
          serial_sigils_hangedman_writhe, serial_sigils_hangedman_shear,
          orc_legates, basic_stair_grate_trap
Elf:3:    minmay_elf_hall_curves, minmay_shop_star
Bazaar:   bazaar_jpeg_cross
IceCv:    ice_cave_small_necro
Volcano:  volcano_caves

Skill      XL: |  1  2  3  4  5  6  7  8  9 10 11 12 13 14 15 16 17 18 19 |
---------------+----------------------------------------------------------+-----
Fighting       | 1 2 3 4 5 6 8 10 11 13 15 17 18 19 20 | 20.2
Summonings     | 4 5 6 7 9 10 11 12 13 14 | 14.5
Spellcasting   | 3 4 5 6 7 8 9 11 12 | 12.4
Ice Magic      | 1 2 3 4 8 9 13 15 | 15.0
Air Magic      | 2 3 6 |  6.0
Shields        | 3 7 |  7.0
Dodging        | 2 6 7 8 9 10 | 10.9
Armour         | 5 |  5.0
Conjurations   | 6 |  6.9
Stealth        | |  1.4

Action                   |  1- 3 |  4- 6 |  7- 9 | 10-12 | 13-15 | 16-18 | 19-21 || total
-------------------------+-------+-------+-------+-------+-------+-------+-------++-------
Melee: Spear             |   137 |    60 |       |       |       |       |       ||   197
       Trident           |       |   117 |   276 |   293 |  1130 |   280 |   176 ||  2272
       War axe           |       |    10 |    78 |    91 |   142 |       |       ||   321
       Dire flail        |       |       |     6 |    49 |       |       |       ||    55
Throw: Tomahawk          |       |       |     2 |     3 |       |       |       ||     5
       Large rock        |       |       |       |       |     6 |    17 |     7 ||    30
 Cast: Summon Small Mamm |    11 |     8 |    18 |     7 |    13 |       |       ||    57
       Call Imp          |     4 |    13 |    37 |    11 |     7 |       |       ||    72
       Call Canine Famil |     1 |    13 |    21 |     8 |    40 |     2 |       ||    85
       Summon Ice Beast  |       |       |    40 |   191 |   452 |   175 |    93 ||   951
       Summon Lightning  |       |       |     3 |    25 |    44 |     9 |     6 ||    87
       Ozocubu's Armour  |       |       |       |     4 |    30 |     1 |     1 ||    36
       Throw Icicle      |       |       |       |       |    12 |    36 |    19 ||    67
       Blink             |       |       |       |       |     6 |     2 |       ||     8
       Ozocubu's Refrige |       |       |       |       |    11 |     2 |       ||    13
       Freezing Cloud    |       |       |       |       |       |    86 |    42 ||   128
Invok: Curse Item        |       |       |     2 |     6 |       |       |       ||     8
       Scrying           |       |       |       |       |     2 |     6 |     3 ||    11
       Transfer Knowledg |       |       |       |       |       |     1 |       ||     1
       End Transfer Know |       |       |       |       |       |     1 |       ||     1
Evoke: Wand              |       |       |       |     3 |     6 |     1 |     2 ||    12
  Use: Scroll            |       |       |    15 |    11 |    17 |     1 |     3 ||    47
       Potion            |       |       |     1 |       |     2 |     1 |     4 ||     8
 Stab: Sleeping          |     4 |     2 |     6 |     1 |     7 |     1 |     1 ||    22
       Distracted        |       |     1 |     1 |     3 |    28 |     2 |     2 ||    37
       Petrified         |       |       |       |       |     4 |       |       ||     4
       Petrifying        |       |       |       |       |     1 |       |       ||     1
  Eat: Chunk             |     5 |     9 |    15 |    32 |    46 |     8 |    11 ||   126
       Ration            |       |       |     4 |     4 |    12 |    14 |     5 ||    39
Armor: Robe              |    24 |    39 |   105 |    56 |       |       |       ||   224
       Troll leather arm |       |       |       |   102 |   413 |    72 |    39 ||   626
Dodge: Dodged            |    52 |    88 |   163 |   221 |   758 |   137 |    78 ||  1497
Block: Shield            |       |       |       |   141 |  1047 |   256 |   171 ||  1615

Table legend:
 A = Non-vault XP
 B = Vault XP
 C = Vault XP percentage of total XP
 D = Non-vault monster count
 E = Vault monster count
 F = Vault count percentage of total count
                 A         B        C        D         E       F
            +---------+---------+-------+---------+---------+-------
      Total |  127960 |  140307 |  52.3 |     778 |     365 |  31.9
            +---------+---------+-------+---------+---------+-------
        D:1 |      31 |       0 |   0.0 |      17 |       0 |   0.0
        D:2 |      41 |      28 |  40.6 |      19 |       1 |   5.0
        D:3 |     253 |      71 |  21.9 |      41 |       2 |   4.7
        D:4 |      98 |       0 |   0.0 |       9 |       0 |   0.0
        D:5 |     304 |       0 |   0.0 |      12 |       0 |   0.0
        D:6 |     774 |       0 |   0.0 |      26 |       0 |   0.0
        D:7 |     956 |       0 |   0.0 |      37 |       0 |   0.0
        D:8 |    1170 |       0 |   0.0 |      28 |       0 |   0.0
        D:9 |    1161 |       0 |   0.0 |      18 |       0 |   0.0
       D:10 |    1187 |     869 |  42.3 |      22 |      13 |  37.1
       D:11 |    2509 |    2119 |  45.8 |      36 |      14 |  28.0
       D:12 |    2829 |       0 |   0.0 |      20 |       0 |   0.0
       D:13 |    6539 |       0 |   0.0 |      32 |       0 |   0.0
       D:14 |    6243 |    6048 |  49.2 |      42 |      25 |  37.3
       D:15 |    5152 |    2408 |  31.9 |      17 |       8 |  32.0
     Lair:1 |    2873 |    2483 |  46.4 |      28 |      16 |  36.4
     Lair:2 |    3117 |       0 |   0.0 |      25 |       0 |   0.0
     Lair:3 |    4484 |     816 |  15.4 |      20 |       3 |  13.0
     Lair:4 |    3980 |    5421 |  57.7 |      27 |      19 |  41.3
     Lair:5 |    6239 |     985 |  13.6 |      23 |       5 |  17.9
     Lair:6 |   10699 |    6604 |  38.2 |      65 |      19 |  22.6
    Snake:1 |    9644 |    5255 |  35.3 |      30 |       4 |  11.8
    Snake:2 |   12205 |       0 |   0.0 |      31 |       0 |   0.0
    Snake:3 |   12596 |       0 |   0.0 |      25 |       0 |   0.0
    Snake:4 |    7154 |   48881 |  87.2 |      17 |      88 |  83.8
      Orc:1 |     722 |     736 |  50.5 |      12 |       1 |   7.7
      Orc:2 |    2452 |   10477 |  81.0 |      54 |      37 |  40.7
      Elf:1 |    3484 |    8555 |  71.1 |      10 |      12 |  54.5
      Elf:2 |   13310 |   11956 |  47.3 |      23 |      26 |  53.1
      Elf:3 |    5754 |   21391 |  78.8 |      12 |      17 |  58.6
      IceCv |       0 |    4691 | 100.0 |       0 |      54 | 100.0
    Volcano |       0 |     513 | 100.0 |       0 |       1 | 100.0
            +---------+---------+-------+---------+---------+-------
